 Dungeon Crawl Stone Soup version 0.29-a0-1009-g60c99734e7 (webtiles) character file.

Game seed: 8279681845243528845

2379 spaghetti the Ducker (level 9, -10/54 HPs)
             Began as a Deep Elf Chaos Knight on Aug 9, 2022.
             Was a Plaything of Xom.
             Mangled by Menkaure (14 damage)
             ... on level 7 of the Dungeon.
             The game lasted 00:11:58 (5184 turns).

spaghetti the Ducker (Deep Elf Chaos Knight)        Turns: 5184, Time: 00:11:59

Health: -10/54     AC:  7    Str:  9    XL:     9   Next: 22%
Magic:  11/11      EV: 15    Int: 24    God:    Xom [...*..]
Gold:   324        SH:  0    Dex: 18    Spells: 3/8 levels left

rFire   . . .      SeeInvis +   l - +1 dagger (elec) {short}
rCold   + . .      Faith    .   (no shield)
rNeg    . . .      Spirit   .   C - +0 leather armour of Rationality {Harm Dex+2 Slay+2 SInv}
rPois   .          Reflect  .   (no helmet)
rElec   .          Harm     +   s - +1 cloak {Stlth+}
rCorr   .          Rampage  .   r - +2 pair of gloves
Will    .....      Rage     3%  (no boots)
Stlth   ++++......              p - amulet of regeneration {@e2}
HPRegen 0.98/turn               z - ring of the Scavenger {rC+ Int+4}
MPRegen 0.12/turn               (no ring)

@: mighty
A: berserk 1, deformed body, shaggy fur 1
a: Renounce Religion


You were on level 7 of the Dungeon.
You worshipped Xom.
You were a favourite toy of Xom.
You visited 1 branch of the dungeon, and saw 7 of its levels.

You collected 324 gold pieces.


Innate Abilities, Weirdness & Mutations

You sometimes lose your temper in combat.
Armour fits poorly on your strangely shaped body.
You are covered in fur. (AC +1)


   Skills:
 + Level 5.0 Fighting
 + Level 4.8(5.3) Short Blades
 - Level 2.9(4.1) Long Blades
 - Level 0.7 Armour
 + Level 6.8 Dodging
 + Level 6.6 Stealth
 + Level 4.7 Summonings
 + Level 4.8 Translocations


You had 3 spell levels left.
You knew the following spells:

 Your Spells              Type           Power      Damage    Failure   Level
a - Summon Forest         Summ/Tloc      11%        N/A       61%         5

Your spell library contained the following spells:

 Spells                   Type           Power      Damage    Failure   Level
 Foxfire                  Conj/Fire      0%         2x1d4     21%         1
 Ensorcelled Hibernation  Hex/Ice        0%         N/A       30%         2
 Passwall                 Tmut/Erth      0%         N/A       30%         2
 Static Discharge         Conj/Air       0%         3-3/arc   30%         2
 Conjure Flame            Conj/Fire      0%         6-21      52%         3
 Inner Flame              Hex/Fire       0%         N/A       52%         3
 Swiftness                Air            0%         N/A       52%         3
 Dispel Undead            Necr           0%         3d6       89%         4
 Flame Wave               Conj/Fire      0%         2d4       89%         4
 Sticky Flame             Conj/Fire      0%         2d3       89%         4
 Summon Mana Viper        Hex/Summ       11%        N/A       91%         5
 Summon Cactus Giant      Summ           11%        N/A       99%         6

Inventory:

Hand Weapons
 a - a +0 falchion of chaos {long}
 h - a +1 vampiric dagger {short}
   (You took it off a goblin on level 2 of the Dungeon)
 k - a +2 dagger of flaming {short}
   (You took it off a kobold on level 2 of the Dungeon)
 l - a +1 dagger of electrocution (weapon) {short}
   (You took it off a goblin on level 1 of the Dungeon)
 B - a +3 dagger {short}
   (You took it off an orc on level 7 of the Dungeon)
Missiles
 d - 71 stones (quivered) {throwing}
 f - a boomerang {throwing}
 q - 22 poisoned darts {throwing}
Armour
 b - a +2 leather armour
 o - the +5 ring mail "Ratyac" {Fly rPois rC+++ Will-}
   (You found it on level 5 of the Dungeon)

   rC:        It renders you almost immune to cold.
   rPois:     It protects you from poison.
   Fly:       It grants you flight.
   Will:      It decreases your willpower.
 r - a +2 pair of gloves (worn)
   (You found it on level 2 of the Dungeon)
 s - a +1 cloak of stealth (worn)
   (You took it off Crazy Yiuf on level 2 of the Dungeon)
 A - a scarf of repulsion
   (You found it on level 6 of the Dungeon)
 C - the +0 leather armour of Rationality (worn) {Harm Dex+2 Slay+2 SInv}
   (You found it on level 5 of the Dungeon)

   Dex:       It affects your dexterity (+2).
   Slay:      It affects your accuracy & damage with ranged weapons and melee
   (+2).
   SInv:      It lets you see invisible.
   Harm:      It increases damage dealt and taken.
Magical Staves
 w - a staff of air {!astaff}
   (You found it on level 3 of the Dungeon)
Jewellery
 p - an amulet of regeneration (around neck) {@e2}
   (You found it on level 1 of the Dungeon)
 v - a ring of flight
   (You found it on level 5 of the Dungeon)
 z - the ring of the Scavenger (left hand) {rC+ Int+4}
   (Xom gifted it to you on level 6 of the Dungeon)

   [ring of protection from cold]

   Int:       It affects your intelligence (+4).
   rC:        It protects you from cold.
Scrolls
 e - a scroll of vulnerability {!r!r}
 g - 2 scrolls of poison {!r}
 i - 6 scrolls of magic mapping {!r}
 j - a scroll of silence {!r}
 m - a scroll of butterflies
 n - a scroll of teleportation {@r4}
 t - a scroll of identify {@r1}
 u - a scroll of enchant weapon
Potions
 x - a potion of might
 D - a potion of attraction {!q}
Miscellaneous
 c - a piece from Xom's chessboard (15/15)

Dungeon Overview and Level Annotations

Branches:
Dungeon (7/15) Zot: 26663  Temple (0/1) D:4

Altars:
Vehumet
Wu Jian

Shops:
D:1 (   D:4 (

Annotations:
D:7 Menkaure

...........#..## ####
.#.##.......... ....
......(####..####.._
####...............
...........###...###
####...$......#o.o.#
...........##.5o.#...# #
###..........))oM###...#
##.........###o.@.......
##.........# ##.K.......
...........# ##F.....=.
..........## ##.......
..........# ..../..
........... .....>.
#.........# .......
#.........# #######
#.........#


You could see Menkaure (fast), an orc wizard (invisible, confused), an orc (ally
target), a kobold (confused, ally target), a friendly bullfrog (summoned), a
friendly orc priest (summoned), a friendly orc wizard (summoned, wandering), a
friendly white imp (summoned) and a friendly orc (summoned, wandering).


Message History

You completely miss the kobold brigand. The orc misses you.
The orc wizard hits you but does no damage.
The kobold brigand barely misses you. The kobold hits you but does no damage.
You hit the kobold brigand but do no damage. 😕 HP[+1]
You barely miss the kobold brigand. The orc misses you.
The orc wizard gestures wildly while chanting.
The orc wizard flickers and vanishes for a moment.
The kobold brigand hits you with a +0 dagger.
The kobold completely misses you.
You closely miss the kobold brigand.
Menkaure shouts!
Menkaure mumbles some strange words.
Menkaure seems to speed up.
The orc closely misses you.
The orc wizard hits you with a +0 dagger.
The kobold hits you with a +0 dagger. The kobold brigand misses you. 😮 HP[-2]
You take 2 damage, and now have 40/54 hp.
You closely miss the kobold brigand. The orc misses you.
The orc wizard closely misses you. The kobold misses you.
The kobold brigand misses you. 😕 HP[+1]
You hit the kobold brigand.
You kill the kobold brigand! 😕 HP[+1]
The orc closely misses you.
The orc wizard hits you with a +0 dagger.
The kobold hits you but does no damage.
Things that are here:
a +0 dagger {short}; 7 poisoned darts {throwing} 😮 HP[-2]
You take 2 damage, and now have 40/54 hp.
You closely miss the orc. The orc misses you.
The orc wizard hits you but does no damage.
The kobold hits you but does no damage. 😕 HP[+1]
You hit the orc. The orc closely misses you. The orc wizard misses you.
The kobold hits you but does no damage.
You hit the orc. The orc hits you but does no damage.
The orc wizard closely misses you.
The kobold hits you but does no damage. 😕 HP[+1]
You closely miss the orc. Menkaure closely misses you. 😕 HP[+1]
You closely miss the orc.
Xom titters.
Menkaure looks rather confused.
The kobold looks rather confused.
The orc wizard looks rather confused.
Menkaure closely misses you.
Menkaure barely misses himself.
The orc closely misses you. The orc wizard closely misses you.
Unknown command.
You hit Menkaure but do no damage. The orc barely misses you. 😕 HP[+1]
You barely miss Menkaure.
Found a notched tourmaline ring.
Found a stone staircase leading down.
The orc closely misses you. The orc wizard barely misses you.
Menkaure hits you!
Unknown command. 😮 HP[-16]
You take 16 damage, and now have 28/54 hp.
MASSIVE DAMAGE!! (PAUSE)
The orc attacks as you move away! The orc closely misses you.
Menkaure hits the orc.
Menkaure hits himself.
The orc hits you from afar with a +0 trident.
* * * LOW HITPOINT WARNING * * *
The orc wizard completely misses you. 😨 HP[-3]
You take 3 damage, and now have 25/54 hp.
Unknown command.
The orc hits you with a +0 trident.
* * * LOW HITPOINT WARNING * * *
😨 HP[-2]
You take 2 damage, and now have 23/54 hp.
The orc hits you with a +0 trident.
* * * LOW HITPOINT WARNING * * *
😨 HP[-2]
You take 2 damage, and now have 21/54 hp.
Menkaure seems less confused.
The orc hits you with a +0 trident.
* * * LOW HITPOINT WARNING * * *
😨 HP[-5]
You take 5 damage, and now have 16/54 hp.
You feel very mighty all of a sudden.
The orc closely misses you. 😨 HP[+1] Unknown command.
Unknown command.
You barely miss Menkaure. The orc misses you.
The orc wizard barely misses Menkaure.
The orc wizard hits itself with a +0 dagger.
Menkaure misses you.
You hit Menkaure. Menkaure hits you!
* * * LOW HITPOINT WARNING * * *
The orc misses you. 😱 HP[-14]
You take 14 damage, and now have 3/54 hp.
MASSIVE DAMAGE!! (PAUSE)
As you read the scroll of summoning, it crumbles to dust.
Wisps of shadow whirl around you... Menkaure hits you!
You die...
Xom laughs nastily!

Skill      XL: |  1  2  3  4  5  6  7  8  9 |
---------------+----------------------------+-----
Stealth        | 1 2 3 4 5 6 |  6.6
Dodging        | 3 4 5 6 |  6.8
Short Blades   | 1 2 3 4 |  4.8
Fighting       | 3 4 5 |  5.0
Summonings     | 1 2 3 4 |  4.7
Translocations | 1 3 4 |  4.8
Long Blades    | |  2.9
Armour         | |  0.7

Action                   |  1- 3 |  4- 6 |  7- 9 || total
-------------------------+-------+-------+-------++-------
Melee: Falchion          |    27 |       |       ||    27
       Dagger            |    95 |   245 |   241 ||   581
       Punch             |       |     3 |     5 ||     8
Throw: Stone             |     9 |       |     7 ||    16
  Use: Potion            |     3 |     2 |     8 ||    13
       Scroll            |       |     9 |     4 ||    13
 Stab: Sleeping          |     5 |    17 |     7 ||    29
       Invisible         |     1 |       |     1 ||     2
       Distracted        |       |     1 |     2 ||     3
       Petrifying        |       |       |     1 ||     1
Armor: Leather armour    |    39 |    79 |    40 ||   158
       Ring mail         |       |       |    32 ||    32
       Skin              |       |       |    16 ||    16
Dodge: Dodged            |    84 |   172 |   181 ||   437

Levels and vault maps discovered:
D:1:      reono_arrival_forest_river, layout_loops_ring, serial_forest,
          infiniplex_forest_clump_large, infiniplex_forest_3_way,
          infiniplex_forest_clump_small, infiniplex_forest_zigzag_1,
          infiniplex_forest_3_way, infiniplex_forest_clump_double,
          infiniplex_forest_clump_small, infiniplex_forest_diagonal,
          serial_shops, shop, nrook_mini_backslash
D:2:      kennysheep_the_goblin_king, layout_basic, minmay_pentomino_o2,
          uniq_crazy_yiuf_cottage
D:3:      layout_loops_ring, hellmonk_ecumenical_altar_dog_temple,
          minmay_hedge_maze, columned_hall_lemuel, grunt_ministairs_7,
          uniq_terence, uniq_robin, uniq_ijyb
D:4:      layout_basic, minmay_temple_entry_gardened_gates, serial_shops,
          kennysheep_little_box
D:5:      layout_gridville, small_statue_intersection
D:6:      layout_loops_corners
D:7:      layout_rooms, nicolae_wu_jian_wuxing_cycle,
          mainiacjoe_overflow_boulevard, enter_ossuary_5, serial_shops,
          nicolae_shop_hallway_stairs,
          nicolae_shop_temple_entry_statues_fountains,
          hellmonk_guarded_unrand_gong, uniq_menkaure, uniq_prince_ribbit1

Notes
Turn   | Place    | Note
-------+----------+-------------------------------------------
     0 | D:1      | spaghetti the Deep Elf Chaos Knight began the quest for the
                  | Orb.
     0 | D:1      | Reached XP level 1. HP: 13/13 MP: 3/3
     0 | D:1      | magus.rc [v1.9.6]
    28 | D:1      | Found Safaler's Antique Weapon Shoppe.
   152 | D:1      | Reached XP level 2. HP: 18/18 MP: 4/4
   161 | D:1      | XOM: divination: magic mapping
   226 | D:1      | Reached skill level 1 in Stealth
   345 | D:1      | XOM: divination: detect items
   434 | D:1      | XOM: silly message
   906 | D:1      | XOM: silly message
  1167 | D:2      | Reached XP level 3. HP: 11/22 MP: 5/5
  1178 | D:2      | XOM: silly message
  1203 | D:2      | XOM: noise
  1230 | D:2      | Reached skill level 3 in Dodging
  1244 | D:2      | Noticed Ijyb
  1244 | D:2      | XOM: 2-stop teleportation journey
  1252 | D:2      | HP: 4/22 [disintegration (16)]
  1272 | D:2      | Killed Ijyb
  1273 | D:2      | Reached skill level 1 in Short Blades
  1273 | D:2      | Reached skill level 2 in Stealth
  1350 | D:2      | XOM: butterfly on damage
  1358 | D:2      | Reached XP level 4. HP: 19/27 MP: 6/6
  1528 | D:2      | Reached skill level 3 in Fighting
  1713 | D:2      | XOM: god gift: ring mail {god gift}
  1772 | D:2      | Found a runed translucent door.
  1773 | D:2      | Noticed Crazy Yiuf
  1785 | D:2      | Killed Crazy Yiuf
  1811 | D:2      | XOM: god gift: fuming grey potion {god gift}
  1957 | D:3      | Found a faded altar of an unknown god.
  2009 | D:3      | Noticed Terence
  2020 | D:3      | Killed Terence
  2021 | D:3      | Reached XP level 5. HP: 22/32 MP: 7/7
  2120 | D:3      | Reached skill level 2 in Short Blades
  2120 | D:3      | Reached skill level 3 in Stealth
  2137 | D:3      | You pick up a book of the Wilderness and begin reading...
  2137 | D:3      | You add the spells Summon Forest, Summon Mana Viper and
                  | Summon Cactus Giant to your library.
  2385 | D:3      | Noticed Robin
  2390 | D:3      | XOM: enchant monster (good)
  2428 | D:3      | Killed Robin
  2543 | D:3      | Reached skill level 4 in Dodging
  2761 | D:4      | HP: 6/32 [iguana (9)]
  2797 | D:4      | Found Laudink's Weapon Shop.
  2836 | D:4      | Found a staircase to the Ecumenical Temple.
  2880 | D:4      | Reached skill level 1 in Summonings
  2880 | D:4      | Reached XP level 6. HP: 37/37 MP: 8/8
  2915 | D:4      | Reached skill level 1 in Translocations
  2957 | D:4      | You pick up a book of Touch and begin reading...
  2957 | D:4      | You add the spells Static Discharge, Sticky Flame and
                  | Dispel Undead to your library.
  2970 | D:4      | You pick up a book of Burglary and begin reading...
  2970 | D:4      | You add the spells Passwall, Ensorcelled Hibernation and
                  | Swiftness to your library.
  3191 | D:4      | Reached skill level 4 in Stealth
  3212 | D:4      | XOM: give mutation
  3212 | D:4      | Gained mutation: You are covered in fur. (AC +1) [Xom's
                  | grace]
  3328 | D:5      | Entered Level 5 of the Dungeon
  3329 | D:5      | Identified the +5 ring mail "Ratyac" {Fly rPois rC+++
                  | Will-}
  3394 | D:5      | XOM: 2-stop teleportation journey
  3402 | D:5      | Reached skill level 2 in Summonings
  3402 | D:5      | Reached XP level 7. HP: 42/42 MP: 9/9
  3451 | D:5      | XOM: silly message
  3552 | D:5      | Reached skill level 3 in Short Blades
  3552 | D:5      | Reached skill level 2 in Translocations
  3618 | D:5      | Reached skill level 5 in Dodging
  3655 | D:5      | You pick up a book of Flames and begin reading...
  3655 | D:5      | You add the spells Foxfire, Conjure Flame, Inner Flame and
                  | Flame Wave to your library.
  3662 | D:5      | Learned a level 5 spell: Summon Forest
  3776 | D:5      | Identified the +0 leather armour of Rationality {Harm Dex+2
                  | Slay+2 SInv}
  3917 | D:6      | XOM: stealth player
  4020 | D:6      | Reached skill level 4 in Fighting
  4030 | D:6      | XOM: summons 2 hostile shadow creatures
  4061 | D:5      | XOM: noise
  4097 | D:6      | XOM: swap monsters
  4099 | D:6      | XOM: confusion
  4110 | D:6      | XOM: fog
  4115 | D:6      | Reached skill level 5 in Stealth
  4115 | D:6      | Reached skill level 3 in Summonings
  4230 | D:6      | Identified the ring of the Scavenger {rC+ Int+4} (Xom
                  | gifted it to you on level 6 of the Dungeon)
  4230 | D:6      | XOM: god gift: ring of the Scavenger {rC+ Int+4}
  4336 | D:6      | Reached skill level 3 in Translocations
  4336 | D:6      | Reached XP level 8. HP: 48/48 MP: 10/10
  4575 | D:6      | XOM: cloud trail
  4791 | D:6      | XOM: give mutations
  4791 | D:6      | Gained mutation: You sometimes lose your temper in combat.
                  | [Xom's mischief]
  4791 | D:6      | Gained mutation: You have sharp fingernails. [Xom's
                  | mischief]
  4791 | D:6      | Gained mutation: Armour fits poorly on your strangely
                  | shaped body. [Xom's mischief]
  4791 | D:6      | Lost mutation: You have sharp fingernails. [Xom's mischief]
  4794 | D:6      | Reached skill level 4 in Short Blades
  4798 | D:6      | XOM: blink monster(s)
  4805 | D:6      | XOM: noise
  4813 | D:6      | Reached skill level 6 in Dodging
  4851 | D:7      | XOM: noise
  4853 | D:7      | Reached skill level 4 in Translocations
  4854 | D:7      | Reached skill level 6 in Stealth
  4854 | D:7      | Reached skill level 4 in Summonings
  4956 | D:7      | XOM: god gift: ring mail {god gift}
  5036 | D:7      | XOM: enchant monster (good)
  5040 | D:7      | Reached XP level 9. HP: 53/53 MP: 11/11
  5045 | D:7      | XOM: summons friendly white imp
  5092 | D:7      | Found an ornate altar of the Wu Jian Council.
  5150 | D:7      | Found a radiant altar of Vehumet.
  5157 | D:7      | Reached skill level 5 in Fighting
  5160 | D:7      | Noticed Menkaure
  5173 | D:7      | XOM: confuse monster(s)
  5183 | D:7      | HP: 3/54 [Menkaure (15)]
  5184 | D:7      | Mangled by Menkaure

Vanquished Creatures
  2 orc warriors (D:7)
  An ice beast (D:6)
  2 ogres
  A centaur (D:6)
  2 kobold brigands (D:7)
  2 bullfrogs (D:6)
  A necrophage (D:7)
  6 scorpions
  7 killer bees
  A jelly (D:6)
  2 orc priests
  Crazy Yiuf (D:2)
  3 gnoll boudas
  3 hounds
  3 iguanas
  Ijyb (D:2)
  Terence (D:3)
  5 orc wizards
  Robin (D:3)
  4 adders
  10 gnolls
  2 white imps
  2 ufetubi (D:5)
  2 worms (D:2)
  2 dart slugs (D:2)
  19 orcs
  4 ball pythons
  4 bats
  3 endoplasms
  4 giant cockroaches
  8 hobgoblins
  13 jackals
  13 kobolds
  3 quokkas
  4 frilled lizards
  18 goblins
  11 rats
  A bush (D:2)
172 creatures vanquished.

Vanquished Creatures (collateral kills)
  A gnoll (D:7)
  A kobold (D:7)
2 creatures vanquished.

Vanquished Creatures (others)
  A fungus (D:2)
1 creature vanquished.

Grand Total: 175 creatures vanquished

Table legend:
 A = Non-vault XP
 B = Vault XP
 C = Vault XP percentage of total XP
 D = Non-vault monster count
 E = Vault monster count
 F = Vault count percentage of total count
                 A         B        C        D         E       F
            +---------+---------+-------+---------+---------+-------
      Total |    3234 |     165 |   4.9 |     146 |      27 |  15.6
            +---------+---------+-------+---------+---------+-------
        D:1 |      29 |       0 |   0.0 |      18 |       0 |   0.0
        D:2 |      46 |      85 |  64.9 |      21 |       9 |  30.0
        D:3 |      64 |      80 |  55.6 |      15 |      18 |  54.5
        D:4 |     324 |       0 |   0.0 |      19 |       0 |   0.0
        D:5 |     530 |       0 |   0.0 |      19 |       0 |   0.0
        D:6 |     962 |       0 |   0.0 |      17 |       0 |   0.0
        D:7 |    1279 |       0 |   0.0 |      37 |       0 |   0.0
            +---------+---------+-------+---------+---------+-------

Illustrated notes

Table legend:
 A = Kills in this place as a percentage of kills in entire the game.
 B = Kills by you in this place as a percentage of kills by you in the entire game.
 C = Kills by friends in this place as a percentage of kills by friends in the entire game.
 D = Other kills in this place as a percentage of other kills in the entire game.
 E = Experience gained in this place as a percentage of experience gained in the entire game.
 F = Experience gained in this place divided by the number of levels of this place that you have seen.
                   A       B       C       D       E      F
               +-------+-------+-------+-------+-------+----------------------
         Total | 100.0 | 100.0 | 100.0 |   N/A | 100.0 | 485.6
       Dungeon | 100.0 | 100.0 | 100.0 |   N/A | 100.0 | 485.6
               +-------+-------+-------+-------+-------+----------------------

Table legend: (Time is in decaauts)
 A = Elapsed time spent in this place.
 B = Non-inter-level travel time spent in this place.
 C = Inter-level travel time spent in this place.
 D = Time resting spent in this place.
 E = Time spent auto-exploring this place.
 F = Levels seen in this place.
 G = Mean time per level.
                   A        B        C        D        E       F      G
               +--------+--------+--------+--------+--------+-----+--------+
         Total |   5082 |   4867 |    215 |     78 |   3604 |   7 |  726.0 |
       Dungeon |   5082 |   4867 |    215 |     78 |   3604 |   7 |  726.0 |
               +--------+--------+--------+--------+--------+-----+--------+

Top non-repeatable levels by time:
     D:1: 1116 daAuts
     D:6: 863 daAuts
     D:2: 793 daAuts
     D:3: 719 daAuts
     D:4: 648 daAuts
     D:5: 605 daAuts
     D:7: 335 daAuts
